 Dungeon Crawl Stone Soup version 0.27-a0-1181-g5f64966fcc (webtiles) character file.

Game seed: 8183505121185789563

95 streetpizza the Ducker (level 4, -1/34 HPs)
             Began as a Djinni Gladiator on May 17, 2021.
             Slain by a gnoll
             ... wielding a +0 club
              (3 damage)
             ... on level 4 of the Dungeon.
             The game lasted 00:06:49 (2639 turns).

streetpizza the Ducker (Djinni Gladiator)           Turns: 2639, Time: 00:06:50

Health: -1/34      AC:  5    Str: 13    XL:     4   Next: 95%
Gold:   102        EV: 13    Int: 11    God:
                   SH:  0    Dex: 14

rFire    + + .     SeeInvis .   a - +0 long sword
rCold    x . .     Faith    .   (no shield)
rNeg     + . .     Spirit   .   b - +0 leather armour
rPois    ∞         Reflect  .   c - +0 helmet
rElec    .         Harm     .   (no cloak)
rCorr    .         Rampage  .   (no gloves)
Will     .....                  (boots unavailable)
Stlth    +.........             n - amulet of regeneration
HPRegen  1.11/turn              s - ring of positive energy
MPRegen  0.00/turn              (no ring)

@: attractive, flying
A: sickness immunity, fire resistance 2, cold vulnerability 1, float, innate
caster, hp casting, extra vitality 1, deterioration 1, shaggy fur 1
a: no special abilities


You were on level 4 of the Dungeon.
You visited 1 branch of the dungeon, and saw 4 of its levels.

You collected 102 gold pieces.

Inventory:

Hand Weapons
 a - a +0 long sword (weapon)
Missiles
 d - 3 throwing nets
 j - 8 javelins
 q - 11 poisoned darts (quivered)
Armour
 b - a +0 leather armour (worn)
 c - a +0 helmet (worn)
Jewellery
 n - an amulet of regeneration (around neck)
 s - a ring of positive energy (left hand)
Scrolls
 g - 2 scrolls of noise {unknown}
 h - 2 scrolls of magic mapping {unknown}
 i - a scroll of teleportation {unknown}
 l - a scroll of amnesia {unknown}
 m - 2 scrolls of fear {unknown}
 p - a scroll of acquirement {unknown}
 r - a scroll of identify {unknown}
Potions
 e - a potion of flight
 o - a potion of magic {unknown}


   Skills:
 + Level 2.8 Fighting
 + Level 3.3 Long Blades
 - Level 1.5 Throwing
 + Level 4.0 Dodging
 + Level 1.3 Spellcasting


You had 4 spell levels left.
You knew the following spells:

 Your Spells              Type           Power      Damage    Failure   Level
a - Sting                 Tmut/Pois      12%        1d3       24%         1
Your spell library was empty.

Dungeon Overview and Level Annotations

Branches:
Dungeon (4/15)
 Temple: D:4-7

Altars:


Innate Abilities, Weirdness & Mutations

You are immune to sickness and miasma.
You are immune to poison.
Your flesh is very heat resistant. (rF++)
You are vulnerable to cold. (rC-)
You float through the air rather than walking.
You learn spells naturally, not from books.
Your magical power is your life essence.
You have superior vitality. (+4 HP)
Your body sometimes deteriorates upon taking damage.
You are covered in fur. (AC +1)


Message History

You closely miss the orc. The orc hits you with a +0 hand axe.
You closely miss the orc. The orc closely misses you.
You barely miss the orc. The orc hits you with a +0 hand axe.
You closely miss the orc. The orc closely misses you.
The orc hits you but does no damage.
You completely miss the orc. The orc closely misses you.
You closely miss the orc. The orc misses you.
You riposte.
You barely miss the orc. You slash the orc!
You kill the orc!
Items here: )) ††.
There is a stone staircase leading down here.
You fly downwards.
The gnoll barely misses you.
There is a stone staircase leading up here.
You barely miss the gnoll. The gnoll hits you with a +0 club.
The gnoll hits you with a +0 club!
You closely miss the gnoll. The gnoll closely misses you.
You riposte.
You hit the gnoll.
The gnoll is moderately wounded.
The gnoll hits you with a +0 club.
You hit the gnoll but do no damage. The gnoll closely misses you.
The gnoll hits you with a +0 club.
You hit the gnoll but do no damage. The gnoll hits you with a +0 club.
The gnoll hits you with a +0 club! x2
* * * LOW HITPOINT WARNING * * *
It was a potion of flight.
You feel more buoyant. The gnoll misses you. The gnoll hits you with a +0 club.
* * * LOW HITPOINT WARNING * * *
The gnoll hits you but does no damage.
It was a potion of mutation.
You feel extremely strange.
You feel yourself wasting away. Fur sprouts all over your body.
The gnoll hits you with a +0 club.
* * * LOW HITPOINT WARNING * * *
The gnoll hits you with a +0 club.
* * * LOW HITPOINT WARNING * * *
It was a potion of attraction.
You feel attractive to monsters. The gnoll hits you with a +0 club.
You die...

###...... . ........#
### .#
###........###.###..#
...... ...#........
#...# #.#.g.#..#
###...## #....).o.#
#......####....#..g.g
#...g....#...## ##..
#..@g........#
###.<#.......#
####.##.....#
#.....#......
##....#...###
#...###..# ##... ....
#..## ..... ...# ..#.


You could see 2 gnolls.

Vanquished Creatures
  A gnoll (D:3)
  2 adders (D:2)
  A worm (D:2)
  2 dart slugs (D:1)
  3 orcs
  4 ball pythons
  4 endoplasms
  5 giant cockroaches
  2 goblins (D:1)
  8 hobgoblins
  5 jackals (D:3)
  2 kobolds
  A quokka (D:3)
  5 bats
  2 frilled lizards
  3 rats
50 creatures vanquished.

Notes
Turn   | Place    | Note
-------+----------+-------------------------------------------
     0 | D:1      | streetpizza the Djinni Gladiator began the quest for the
                  | Orb.
     0 | D:1      | Reached XP level 1. HP: 18/18 MP: 0/0
   151 | D:1      | Reached XP level 2. HP: 15/23 MP: 0/0
   605 | D:1      | Reached XP level 3. HP: 28/28 MP: 0/0
   605 | D:1      | Learned a level 1 spell: Sting
  1162 | D:2      | Reached skill level 1 in Spellcasting
  1169 | D:2      | Reached XP level 4. HP: 29/34 MP: 0/0
  1569 | D:2      | Found a faded altar of an unknown god.
  2388 | D:3      | Reached skill level 4 in Dodging
  2638 | D:4      | Gained mutation: Your body sometimes deteriorates upon
                  | taking damage. [potion of mutation]
  2638 | D:4      | Gained mutation: You are covered in fur. (AC +1) [potion of
                  | mutation]
  2638 | D:4      | HP: 1/34 [gnoll/+0 club (3)]
  2639 | D:4      | Slain by a gnoll

Illustrated notes

Levels and vault maps discovered:
D:1:      dpeg_arrival_shrine, layout_basic, chequers_serial_rivers_small_b
D:2:      layout_basic, basic_ecumenical_altar
D:3:      layout_basic
D:4:      layout_cave_pools, serial_shops, kennysheep_mini_moat,
          uniq_crazy_yiuf_cottage, uniq_natasha

Skill      XL: |  1  2  3  4 |
---------------+-------------+-----
Long Blades    | 3 |  3.3
Spellcasting   | 1 |  1.3
Dodging        | 4 |  4.0
Fighting       | |  2.8
Throwing       | |  1.5

Action                   |  1- 3 |  4- 6 || total
-------------------------+-------+-------++-------
Melee: Long sword        |    73 |    87 ||   160
 Cast: Sting             |       |     8 ||     8
  Use: Potion            |       |     3 ||     3
 Stab: Sleeping          |     1 |     1 ||     2
Armor: Leather armour    |    27 |    29 ||    56
Dodge: Dodged            |    58 |    66 ||   124
       Rpst.: Long sword |    11 |    21 ||    32

Table legend: (Time is in decaauts)
 A = Elapsed time spent in this place.
 B = Non-inter-level travel time spent in this place.
 C = Inter-level travel time spent in this place.
 D = Time resting spent in this place.
 E = Time spent auto-exploring this place.
 F = Levels seen in this place.
 G = Mean time per level.
                   A        B        C        D        E       F      G
               +--------+--------+--------+--------+--------+-----+--------+
         Total |   2679 |   2619 |     60 |      0 |   2129 |   4 |  669.8 |
       Dungeon |   2679 |   2619 |     60 |      0 |   2129 |   4 |  669.8 |
               +--------+--------+--------+--------+--------+-----+--------+

Top non-repeatable levels by time:
     D:1: 1018 daAuts
     D:2: 945 daAuts
     D:3: 676 daAuts
     D:4: 39 daAuts
